 Dungeon Crawl Stone Soup version 0.24-a0-736-g4e6fe308c7 (webtiles) character file.

Game seed: 9670958384094918901, levelgen mode: deterministic

5100 Kohma the Destroyer (level 10, -1/88 HPs)
             Began as a Grey Draconian Conjurer on Oct 2, 2019.
             Was a Believer of Vehumet.
             Slain by a skeletal warrior
             ... wielding a +0 short sword
             ... led by a skeletal warrior
              (22 damage)
             ... on level 9 of the Dungeon.
             The game lasted 00:29:10 (11170 turns).

Kohma the Destroyer (Grey Draconian Conjurer)      Turns: 11170, Time: 00:29:11

Health: -1/88      AC: 12    Str: 10    XL:     10   Next: 32%
Magic:  8/20       EV: 17    Int: 19    God:    Vehumet [**....]
Gold:   507        SH:  0    Dex: 17    Spells: 16/23 levels left

rFire    . . .     SeeInvis .   B - +11 hunting sling of Impermanence {venom, +Fly rPois rN+ Stlth+}
rCold    . . .     Gourm    .   (no shield)
rNeg     + . .     Faith    +   (armour unavailable)
rPois    +         Spirit   .   (helmet restricted)
rElec    .         Reflect  .   s - scarf {cloud immunity}
rCorr    .         Harm     .   (no gloves)
MR       .....                  (no boots)
Stlth    +++.......             C - amulet of faith
HPRegen  0.24/turn              r - +1 ring of evasion
MPRegen  0.17/turn              v - +5 ring of dexterity

@: no status effects
A: walk through water, unfitting armour, unbreathing, cold-blooded, AC +12
a: Renounce Religion, Evoke Flight


You were on level 9 of the Dungeon.
You worshipped Vehumet.
Vehumet was pleased with you.
You were very hungry.

You visited 2 branches of the dungeon, and saw 11 of its levels.

You collected 573 gold pieces.
You spent 66 gold pieces at shops.

Inventory:

Hand Weapons
 a - a +3 dagger of venom
 w - the +7 quarterstaff "Zoukysaf" {crush, *Drain rN+ Int+3}
   (You found it on level 5 of the Dungeon)

   It inflicts extra damage upon your enemies.
   It affects your intelligence (+3).
   It protects you from negative energy.
   It causes draining when unequipped.
 y - a +0 hunting sling
 B - the +11 hunting sling of Impermanence (weapon) {venom, +Fly rPois rN+ Stlth+}
   (You took it off a crimson imp on level 6 of the Dungeon)

   It poisons the ammo it fires.
   It protects you from poison.
   It protects you from negative energy.
   It lets you fly.
   It makes you more stealthy.
Missiles
 c - 318 stones
 j - 72 poisoned darts
 o - 58 sling bullets (quivered)
 q - 83 bolts
 u - 133 arrows
Armour
 s - a scarf of cloud immunity (worn)
Jewellery
 r - a +1 ring of evasion (left hand)
 v - a +5 ring of dexterity (right hand)
 C - an amulet of faith (around neck)
 K - the amulet of Ustrusk {RegenMP rPois rN+ Dex+7 Stlth-, unknown}
   (You found it on level 9 of the Dungeon)

   [amulet of magic regeneration]

   It increases your magic regeneration.
   It affects your dexterity (+7).
   It protects you from poison.
   It protects you from negative energy.
   It makes you less stealthy.
Wands
 e - a wand of enslavement (16)
 f - a wand of acid (8)
 t - a wand of polymorph (7)
 D - a wand of iceblast (14)
 E - a wand of disintegration (16)
 G - a wand of paralysis (7)
Scrolls
 d - 2 scrolls of magic mapping
 h - 10 scrolls of remove curse
 i - 5 scrolls of identify
 k - 3 scrolls of teleportation
 l - 3 scrolls of immolation
 H - a scroll of torment {unknown}
 J - a scroll of blinking
 L - a scroll of amnesia {unknown}
Potions
 g - a potion of heal wounds
 m - 6 potions of curing
 n - a potion of flight
 p - a potion of might
 x - 2 potions of invisibility
 z - 3 potions of haste
 A - a potion of lignification
 F - a potion of magic
Comestibles
 b - 15 rations


   Skills:
 + Level 8.0 Fighting
 + Level 1.4 Slings
 * Level 5.5 Dodging
 - Level 1.7 Stealth
 + Level 7.0 Spellcasting
 - Level 10.3 Conjurations


You had 16 spell levels left.
You knew the following spells:

 Your Spells              Type           Power        Failure   Level  Hunger
a - Magic Dart            Conj           ####         1%          1    None
b - Searing Ray           Conj           #####.       1%          2    None
c - Iskenderun's Mystic   Conj           #####...     1%          4    ###....

Your spell library contained the following spells:

 Spells                   Type           Power        Failure   Level  Hunger
 Throw Flame              Conj/Fire      ####..       1%          2    None
 Dazzling Spray           Conj/Hex       ####..       3%          3    #......
 Force Lance              Conj/Tloc      ####....     12%         4    ###....
 Fulminant Prism          Conj/Hex       ####......   12%         4    ###....


Dungeon Overview and Level Annotations

Branches:
Dungeon (10/15)            Temple (1/1) D:6
   Lair: D:8-11         Orc: D:9-12

Altars:
Ashenzari
Cheibriados
Dithmenos
Elyvilon
Fedhas
Gozag
Hepliaklqana
Kikubaaqudgha
Makhleb
Nemelex Xobeh
Okawaru
Qazlal
Ru
Sif Muna
Trog
Uskayaw
Vehumet
Wu Jian
Xom
Yredelemnul
Zin
The Shining One

Shops:
D:7 ?   D:8 !


Innate Abilities, Weirdness & Mutations

You can walk through water.
Your dull iron-grey scales are very hard. (AC +12)
You cannot fit into any form of body armour.
You can survive without breathing.
You are cold-blooded and may be slowed by cold attacks.


Message History

You finish channeling your searing ray.
The skeletal warrior hits you with a +0 short sword!
Casting: Searing Ray (safe; 1% risk of failure)
Confirm with . or Enter, or press ? or * to list all spells.
Aiming: Searing Ray (safe; 1% risk of failure)
Press: ? - help, Shift-Dir - straight line, f/p - skeletal warrior
Aim: a skeletal warrior, wielding a +0 short sword (moderately damaged)
The searing ray hits the skeletal warrior but does no damage.
The skeletal warrior is moderately damaged. (Press . to maintain the ray.)
The skeletal warrior hits you with a +0 short sword.
The searing ray hits the skeletal warrior but does no damage.
The skeletal warrior is moderately damaged.
The skeletal warrior hits you with a +0 short sword!
The searing ray hits the skeletal warrior but does no damage.
The skeletal warrior is moderately damaged.
The skeletal warrior hits you with a +0 short sword!
* * * LOW HITPOINT WARNING * * *
The skeletal warrior hits you with a +0 short sword!!
You die...

.#.#.######### #.# #..#.# .#.#.#
##### #.#######..#.#
...#.###...#########.#........#.#
.......'...'.>...)......##.......
.....###...#########.#..##.......
###### #...# #######.#..##.......
########.......#...#.......
#######......#.#######.#.########
.............'..@z............>#
#####........#.#.......#..####.#
#...######.#########..## #.#
#...# ###.# #...# #.# #...#
#...#########.#.###.#
#..)####.#.........#.......#
#......#.#.#######.####.#..#
##.....#.#'#######.# #.#..#
#.....#........##.# #.#..#


You could see a skeletal warrior.

Vanquished Creatures
  Harold (D:8)
  An unseen horror (D:10)
  Pikel (D:8)
  Joseph (D:9)
  Sigmund (D:4)
  Eustachio (D:4)
  Duvessa (D:6)
  A sky beast (D:8)
  2 ice beasts (D:5)
  An orc warrior (D:10)
  2 necrophages
  A phantom (D:6)
  6 ogres
  2 centaurs
  A big kobold (D:9)
  2 bullfrogs
  A water moccasin skeleton (D:8)
  2 scorpions (D:6)
  Dowan (D:6)
  3 howler monkeys (D:8)
  5 crimson imps
  2 bullfrog zombies
  A quasit (D:7)
  An orc priest (D:10)
  3 hounds
  2 orc wizards
  5 iguanas
  6 worker ants
  3 gnolls (D:4)
  7 adders
  A shadow imp (D:5)
  An ooze (D:2)
  An adder zombie (D:8)
  2 adder skeletons
  3 worms
  A dart slug (D:4)
  9 leopard geckos
  9 orcs
  5 giant cockroaches
  8 goblins
  9 hobgoblins
  13 jackals
  12 kobolds
  5 quokkas
  2 bats (D:2)
  11 frilled lizards
  A jackal zombie (D:7)
  2 quokka skeletons
  A quokka zombie (D:8)
  13 rats
176 creatures vanquished.

Vanquished Creatures (others)
  3 slaves (D:8)
  A hound (D:8)
  A jelly (D:8)
  An iguana (D:8)
  A quokka (D:8)
7 creatures vanquished.

Grand Total: 183 creatures vanquished

Notes
Turn   | Place    | Note
-------+----------+-------------------------------------------
     0 | D:1      | Kohma the Draconian Conjurer began the quest for the Orb.
     0 | D:1      | Reached XP level 1. HP: 14/14 MP: 3/3
   459 | D:1      | Reached XP level 2. HP: 22/22 MP: 0/5
   825 | D:1      | Reached skill level 1 in Fighting
  1506 | D:2      | Reached XP level 3. HP: 27/28 MP: 6/6
  1960 | D:2      | Reached XP level 4. HP: 36/36 MP: 1/7
  1970 | D:2      | Learned a level 2 spell: Searing Ray
  1975 | D:2      | Learned a level 4 spell: Iskenderun's Mystic Blast
  1982 | D:2      | Found a sparkling altar of Nemelex Xobeh.
  2611 | D:3      | Reached skill level 5 in Conjurations
  2887 | D:3      | Found a burning altar of Makhleb.
  3765 | D:4      | Noticed Sigmund
  4018 | D:4      | Killed Sigmund
  4018 | D:4      | Reached XP level 5. HP: 45/45 MP: 1/9
  4018 | D:4      | Reached XP level 6. HP: 51/51 MP: 1/10
  4156 | D:4      | Reached skill level 6 in Conjurations
  4661 | D:4      | Noticed Eustachio
  4676 | D:4      | Killed Eustachio
  4889 | D:4      | Your scales start taking on a dull iron-grey colour.
  4889 | D:4      | Reached XP level 7. HP: 58/58 MP: 5/12
  4889 | D:4      | Gained mutation: You can survive without breathing. [Grey
                  | Draconian growth]
  5224 | D:5      | Entered Level 5 of the Dungeon
  5425 | D:5      | Reached skill level 7 in Conjurations
  6203 | D:5      | Reached XP level 8. HP: 67/67 MP: 8/14
  6260 | D:5      | Got an iridescent quarterstaff
  6268 | D:5      | Reached skill level 5 in Fighting
  6272 | D:5      | Identified the +7 quarterstaff "Zoukysaf" {crush, *Drain
                  | rN+ Int+3} (You found it on level 5 of the Dungeon)
  6413 | D:5      | Reached skill level 8 in Conjurations
  6607 | D:5      | Found a radiant altar of Vehumet.
  6612 | D:5      | Became a worshipper of Vehumet
  6727 | D:6      | Reached skill level 5 in Spellcasting
  6971 | D:6      | Found a hide-covered altar of Uskayaw.
  7107 | D:6      | Found a staircase to the Ecumenical Temple.
  7119 | Temple   | Entered the Ecumenical Temple
  7458 | D:6      | Identified the +11 hunting sling of Impermanence {venom,
                  | +Fly rPois rN+ Stlth+}
  7573 | D:6      | Noticed Dowan
  7575 | D:6      | Killed Dowan
  7576 | D:6      | Noticed Duvessa
  7583 | D:6      | Killed Duvessa
  7999 | D:7      | Found Besaom's Magic Scroll Shop.
  8016 | D:7      | Bought a scroll of identify for 22 gold pieces
  8016 | D:7      | Bought a scroll of identify for 22 gold pieces
  8016 | D:7      | Bought a scroll of identify for 22 gold pieces
  8034 | D:7      | Reached * piety under Vehumet
  8034 | D:7      | Offered knowledge of Sting by Vehumet.
  8044 | D:7      | Reached skill level 9 in Conjurations
  8048 | D:7      | Reached XP level 9. HP: 75/75 MP: 17/17
  8654 | D:8      | Found Puiffum's Distillery.
  8755 | D:8      | Noticed Harold
  8784 | D:8      | Noticed Pikel
  8793 | D:8      | Killed Pikel
  8900 | D:8      | Found an iron altar of Okawaru.
  8900 | D:8      | Found a blossoming altar of Fedhas.
  8931 | D:8      | Found a glowing golden altar of the Shining One.
  8933 | D:8      | Found a faded altar of an unknown god.
  8935 | D:8      | Found a basalt altar of Yredelemnul.
  9140 | D:8      | Killed Harold
  9140 | D:8      | Reached skill level 10 in Conjurations
  9373 | D:8      | Found a white marble altar of Elyvilon.
  9894 | D:9      | Reached XP level 10. HP: 86/86 MP: 19/19
 10013 | D:9      | Got a faintly glowing bronze amulet
 10094 | D:9      | Noticed Joseph
 10107 | D:9      | Killed Joseph
 10478 | D:9      | Offered knowledge of Throw Flame by Vehumet.
 10484 | D:9      | Reached ** piety under Vehumet
 10577 | D:10     | Entered Level 10 of the Dungeon
 10591 | D:10     | Reached skill level 5 in Dodging
 10593 | D:10     | Killed an unseen horror
 10593 | D:10     | Reached skill level 1 in Slings
 10834 | D:10     | Noticed a skeletal warrior
 10835 | D:10     | Noticed a skeletal warrior
 11170 | D:9      | Slain by a skeletal warrior

Levels and vault maps discovered:
D:1:      evilmike_arrival_crescent, layout_basic
D:2:      layout_basic, nemelex_altar_shiori
D:3:      layout_basic, lemuel_crystal_altar, serial_curves, eino_curves_01,
          eino_curves_03, st_stairs_11, kennysheep_donut
D:4:      layout_basic, hangedman_decor_diamond_cutter, uniq_sigmund,
          uniq_eustachio
D:5:      layout_rooms, marbit_many_paths, first_ration
D:6:      layout_loops_ring, lemuel_coloured_pillars_altar,
          minmay_temple_entry_crystal_x, uniq_duvessa
D:7:      layout_cave_pods, serial_shops, shop, supply_closet_lemuel
D:8:      layout_basic, elyvilon_altar_4, chequers_temple_overflow_minitemple,
          serial_shops, shop, uniq_harold, uniq_pikel
D:9:      layout_basic, uniq_joseph
D:10:     minmay_the_grid_3x3 [minmay_the_grid_outer_circle,
          minmay_the_grid_dragon_a, minmay_the_grid_doors,
          minmay_the_grid_aliased_spiral, minmay_the_grid_minigrid_medium,
          minmay_the_grid_small_cups, minmay_the_grid_armoury,
          minmay_the_grid_eight, minmay_the_grid_prize_inner_circle],
          layout_loops_ring
Temple:   nicolae_temple_great_sept

Skill      XL: |  1  2  3  4  5  6  7  8  9 10 |
---------------+-------------------------------+-----
Fighting       | 1 3 4 6 7 8 |  8.0
Conjurations   | 5 6 7 9 10 | 10.3
Spellcasting   | 3 4 5 6 7 |  7.0
Dodging        | 3 4 5 |  5.5
Slings         | 1 |  1.4
Stealth        | |  1.7

Action                   |  1- 3 |  4- 6 |  7- 9 | 10-12 || total
-------------------------+-------+-------+-------+-------++-------
Melee: Dagger            |    26 |    20 |    46 |       ||    92
       Tailslap          |       |       |     9 |       ||     9
 Fire: Hunting sling     |       |       |    95 |    24 ||   119
Throw: Dart              |    10 |       |       |       ||    10
 Cast: Magic Dart        |    77 |    83 |   131 |    11 ||   302
       Searing Ray       |       |     7 |    18 |     9 ||    34
       Iskenderun's Myst |       |       |     1 |       ||     1
  Use: Potion            |     1 |       |     1 |       ||     2
       Scroll            |       |     2 |    17 |       ||    19
 Stab: Sleeping          |     1 |       |       |       ||     1
  Eat: Chunk             |     5 |    11 |    12 |     3 ||    31
       Ration            |       |       |     1 |       ||     1
Armor: Skin              |    16 |    11 |    51 |    16 ||    94
Dodge: Dodged            |    20 |    29 |    94 |    20 ||   163

Table legend:
 A = Non-vault XP
 B = Vault XP
 C = Vault XP percentage of total XP
 D = Non-vault monster count
 E = Vault monster count
 F = Vault count percentage of total count
                 A         B        C        D         E       F
            +---------+---------+-------+---------+---------+-------
      Total |    4458 |    2829 |  38.8 |     165 |      11 |   6.2
            +---------+---------+-------+---------+---------+-------
        D:1 |      33 |       0 |   0.0 |      22 |       0 |   0.0
        D:2 |      75 |       0 |   0.0 |      25 |       0 |   0.0
        D:3 |      41 |       6 |  12.8 |      14 |       3 |  17.6
        D:4 |     193 |     433 |  69.2 |      18 |       2 |  10.0
        D:5 |     818 |     108 |  11.7 |      22 |       1 |   4.3
        D:6 |     539 |     216 |  28.6 |      15 |       2 |  11.8
        D:7 |     605 |       0 |   0.0 |      16 |       0 |   0.0
        D:8 |     812 |    1627 |  66.7 |      18 |       2 |  10.0
        D:9 |     424 |     439 |  50.9 |      11 |       1 |   8.3
       D:10 |     918 |       0 |   0.0 |       4 |       0 |   0.0
            +---------+---------+-------+---------+---------+-------
